 Dungeon Crawl Stone Soup version 0.19-a0-1111-gcceb26a (webtiles) character file.

90 epen the Magician (level 4, -9/22 HPs)
             Began as a Spriggan Transmuter on Aug 10, 2016.
             Splashed by a jelly's acid (10 damage)
             ... on level 3 of the Dungeon.
             The game lasted 00:05:01 (3396 turns).

epen the Magician (Spriggan Transmuter)             Turns: 3396, Time: 00:05:04

Health: -9/22      AC: -6    Str:  6    XL:     4   Next: 32%
Magic:  5/11       EV: 22    Int: 15    God:
Gold:   74         SH:  0    Dex: 21    Spells: 3 memorised, 5 levels left

rFire  . . .     SeeInvis +       - Unarmed
rCold  . . .     Gourm    .     (armour currently unavailable)
rNeg   . . .     Faith    .     (shield currently unavailable)
rPois  x         Spirit   .     (helmet currently unavailable)
rElec  .         Dismiss  .     (cloak currently unavailable)
rCorr  .         Reflect  .     (gloves unavailable)
SustAt .         Harm     .     (boots unavailable)
MR     .....                    (no amulet)
Stlth  ++........               (no ring)
                                (no ring)

@: spider-form (expiring), corroded, very slightly contaminated
A: unfitting armour, see invisible, herbivore 3, (speed 0), slow metabolism 2
a: End Transformation


You were on level 3 of the Dungeon.
You were near starving.
You were a venomous arachnid creature.
You visited 1 branch of the dungeon, and saw 3 of its levels.

You collected 74 gold pieces.

Inventory:

Missiles
 a - 12 arrows
Armour
 b - a +0 robe (melded)
Scrolls
 g - a scroll of identify {unknown}
 i - a scroll of recharging {unknown}
 k - a scroll of random uselessness {unknown}
Potions
 e - 2 potions of lignification {unknown}
 f - a potion of invisibility {unknown}
 h - a potion of mutation {unknown}
 j - a potion of agility {unknown}
 l - a potion of might {unknown}
Books
 c - a book of Changes

   Spells                             Type                      Level
   a - Beastly Appendage              Transmutation                1
   b - Sticks to Snakes               Transmutation                2
   c - Spider Form                    Transmutation/Poison         3
   d - Ice Form                       Ice/Transmutation            4
   e - Blade Hands                    Transmutation                5
Comestibles
 d - 3 bread rations


   Skills:
 + Level 1.2 Fighting
 + Level 3.3 Dodging
 * Level 3.0 Unarmed Combat
 * Level 4.0 Spellcasting
 * Level 3.6 Transmutations


You had 5 spell levels left.
You knew the following spells:

 Your Spells              Type           Power        Failure   Level  Hunger
a - Beastly Appendage     Tmut           ##....       14%         1    None
b - Sticks to Snakes      Tmut           ##......     21%         2    ##.....
c - Spider Form           Tmut/Pois      #.........   52%         3    ###....


Dungeon Overview and Level Annotations

Branches:
Dungeon (3/15)

Altars:
Makhleb

Annotations:
D:3 Grinder


Innate Abilities, Weirdness & Mutations

You are tiny and cannot use many weapons and most armour.
You have supernaturally acute eyesight. (SInv)
You are a herbivore.
((You cover ground extremely quickly.))
You need consume almost no food.


Message History

You turn into a venomous arachnid creature.
Your +0 robe melds into your body.
Your transformation is almost over.
You hit the jelly. The acid corrodes you!
Your front legs burn!
The jelly is lightly wounded.
The jelly completely misses you.
You hit the jelly.
The jelly is poisoned.
Your front legs burn!
The jelly is lightly wounded.
The jelly misses you.
You hit the jelly.
Your front legs burn!
* * * LOW HITPOINT WARNING * * *
The jelly is lightly wounded.
The jelly completely misses you.
You hit the jelly but do no damage.
Your front legs burn!
* * * LOW HITPOINT WARNING * * *
The jelly is lightly wounded.
The jelly hits you.
* * * LOW HITPOINT WARNING * * *
You are splashed with acid!
The acid corrodes you!
The acid burns!
You die...

##### ... ### #.# ..#
#.# #.# #s# #. #.####
#J# #.# #.#..# #†#
#.# #.#..#######.#
#.# #.J...J†.....#
###.####
#..#..########
#.....[# #..#..#
#....####.#.##.######
#..#..#
#.<.....#.#..)......#
#..#..#
#..####.#...#%.####[#


You could see a jelly.

Vanquished Creatures
  Jessica (D:3)
  An adder (D:3)
  A dart slug (D:1)
  5 giant geckos
  4 bats
  2 giant cockroaches
  2 hobgoblins (D:2)
  8 jackals
  7 kobolds
  2 quokkas
  A giant newt (D:2)
  6 goblins
  3 rats
43 creatures vanquished.

Notes
Turn   | Place    | Note
-------+----------+-------------------------------------------
     0 | D:1      | epen the Spriggan Transmuter began the quest for the Orb.
     0 | D:1      | Reached XP level 1. HP: 9/9 MP: 5/5
    27 | D:1      | Reached skill level 1 in Fighting
    79 | D:1      | Reached skill level 3 in Spellcasting
    82 | D:1      | Reached XP level 2. HP: 4/14 MP: 7/7
   335 | D:1      | Learned a level 2 spell: Sticks to Snakes
  1913 | D:2      | Found a burning altar of Makhleb.
  1913 | D:2      | Noticed an Executioner
  1921 | D:2      | Reached XP level 3. HP: 18/18 MP: 6/8
  1986 | D:2      | Learned a level 3 spell: Spider Form
  3103 | D:3      | Noticed Jessica
  3111 | D:3      | Killed Jessica
  3111 | D:3      | Reached XP level 4. HP: 19/22 MP: 4/10
  3186 | D:3      | Noticed Grinder
  3231 | D:3      | Reached skill level 4 in Spellcasting
  3396 | D:3      | HP: 1/22 [jelly (3)]
  3396 | D:3      | Splashed by a jelly's acid

Vault maps used:
D:1:      wheals_arrival_shading
D:2:      makhleb_altar_promises_db
D:3:      kiku_gazebo_pond_becter, uniq_jessica, uniq_grinder

Skill      XL: |  1  2  3  4 |
---------------+-------------+-----
Fighting       | 1 |  1.2
Spellcasting   | 3 4 |  4.0
Transmutations | 3 |  3.6
Unarmed Combat | 3 |  3.0
Dodging        | |  3.3

Action                   |  1- 3 |  4- 6 || total
-------------------------+-------+-------++-------
Melee: Unarmed           |   226 |    15 ||   241
       Punch             |     3 |       ||     3
       Kick              |    13 |       ||    13
       Headbutt          |     1 |       ||     1
 Cast: Beastly Appendage |     7 |       ||     7
       Spider Form       |     5 |     2 ||     7
 Stab: Sleeping          |     2 |       ||     2
Armor: Robe              |    18 |     1 ||    19
Dodge: Dodged            |   192 |    10 ||   202
